 Dungeon Crawl Stone Soup version 0.28-a0-172-g787e458d71 (webtiles) character file.

Game seed: 4172701497603313419

55 Spaninq the Ducker (level 3, -2/27 HPs)
             Began as a Mummy Wanderer on Aug 16, 2021.
             Killed from afar by Jessica (8 damage)
             ... with a puff of flame
             ... on level 2 of the Dungeon.
             The game lasted 00:05:37 (2069 turns).

Spaninq the Ducker (Mummy Wanderer)                 Turns: 2069, Time: 00:05:37

Health: -2/27      AC: 10    Str: 15    XL:     3   Next: 67%
Magic:  3/3        EV:  6    Int: 11    God:
Gold:   60         SH:  4    Dex: 12    Spells: 2/2 levels left

rFire   . . .      SeeInvis +   i - +0 whip
rCold   . . .      Faith    .   e - +0 buckler
rNeg    + + +      Spirit   .   f - +0 chain mail
rPois   ∞          Reflect  .   g - +1 helmet {SInv}
rElec   .          Harm     .   (no cloak)
rCorr   .          Rampage  .   (no gloves)
Will    .....                   (no boots)
Stlth   ..........              (no amulet)
HPRegen 0.09/turn               a - ring of fire
MPRegen 0.08/turn               (no ring)

@: slowed, very slow
A: cold resistance 1, negative energy resistance 3, torment resistance 2, heat
vulnerability 1, no potions
a: no special abilities


You were on level 2 of the Dungeon.
You visited 1 branch of the dungeon, and saw 2 of its levels.

You collected 60 gold pieces.

Inventory:

Hand Weapons
 i - a +0 whip (weapon)
Missiles
 b - 3 throwing nets (quivered)
Armour
 e - a +0 buckler (worn)
 f - a +0 chain mail (worn)
 g - a +1 helmet of see invisible (worn)
Jewellery
 a - a ring of fire (left hand)
Scrolls
 c - 3 scrolls of teleportation
 d - a scroll of enchant armour {unknown}
 h - a scroll of magic mapping {unknown}


   Skills:
 + Level 2.1 Fighting
 - Level 1.0 Staves
 - Level 1.5 Bows
 - Level 1.0 Armour
 - Level 2.4 Dodging
 * Level 2.2 Shields
 - Level 1.5 Evocations


You had 2 spell levels left.
You didn't know any spells.
Your spell library contained the following spells:

 Spells                   Type           Power      Damage    Failure   Level
 Ozocubu's Armour         Ice            0%         N/A       100%        3
 Airstrike                Air            0%         N/A       100%        4
 Summon Lightning Spire   Summ/Air       0%         N/A       100%        4
 Lightning Bolt           Conj/Air       0%         1d11      100%        5
 Metabolic Englaciation   Hex/Ice        0%         N/A       100%        5
 Simulacrum               Ice/Necr       0%         N/A       100%        6


Dungeon Overview and Level Annotations

Branches:
Dungeon (2/15)

Altars:

Shops:
D:1 (

Annotations:
D:2 Jessica


Innate Abilities, Weirdness & Mutations

You are immune to poison.
Your flesh is cold resistant. (rC+)
You are immune to negative energy. (rN+++)
You are immune to unholy pain and torment.
You are vulnerable to heat. (rF-)
You do not drink.


Message History

Jessica hits you but does no damage.
You barely miss Jessica.
Jessica is moderately wounded.
Jessica zaps a wand.
The puff of flame hits you.
Jessica zaps a wand.
The puff of flame hits you!
* * * LOW HITPOINT WARNING * * *
You can't drink.
Jessica zaps a wand.
The puff of flame hits you.
* * * LOW HITPOINT WARNING * * *
Jessica zaps a wand.
The puff of flame hits you but does no damage.
You barely miss Jessica.
Jessica is lightly wounded.
Jessica hits you but does no damage.
You hit Jessica but do no damage.
Jessica is lightly wounded.
Jessica hits you with a +2 dagger of venom.
* * * LOW HITPOINT WARNING * * *
You hit Jessica.
Jessica is heavily wounded.
Jessica points at you and mumbles some strange words.
You feel yourself slow down.
You hit Jessica.
Jessica is severely wounded.
Jessica mumbles some strange words.
Jessica blinks!
You closely miss Jessica.
Jessica is severely wounded.
You block Jessica's attack.
You closely miss Jessica.
Jessica is severely wounded.
Jessica barely misses you.
Jessica mumbles some strange words.
Jessica blinks!
Jessica hits you but does no damage.
You completely miss Jessica.
Jessica is severely wounded.
Jessica hits you but does no damage.
Jessica zaps a wand.
The puff of flame hits you!
You die...

........... #.#
#... .........# #.#
#... .........#
#####.## ####
.........# #......#
.........# #.....(#
.........###......#
.............)....#
...####.######'#@##
...# #.######.#@#
##.# #......#.#.#
#.# #.####.#.#.#
#.# #.# #.#.#.# #.#
### #.#.#.#
#.#########.#.#)#
#...........# #.#
############## #.#
........ #.#


You could see Jessica.

Vanquished Creatures
  An adder (D:2)
  A dart slug (D:1)
  2 ball pythons (D:1)
  2 bats
  5 endoplasms (D:1)
  3 giant cockroaches
  4 goblins
  4 hobgoblins
  4 kobolds
  5 quokkas
  3 frilled lizards
  5 rats
39 creatures vanquished.

Notes
Turn   | Place    | Note
-------+----------+-------------------------------------------
     0 | D:1      | Spaninq the Mummy Wanderer began the quest for the Orb.
     0 | D:1      | Spaninq set off with the following items: a +0 club, 3
                  | throwing nets, 2 scrolls of teleportation, a +0 leather
                  | armour
     0 | D:1      | Reached XP level 1. HP: 15/15 MP: 1/1
   449 | D:1      | Reached skill level 1 in Shields
   449 | D:1      | Reached XP level 2. HP: 21/21 MP: 2/2
   493 | D:1      | Found a faded altar of an unknown god.
   520 | D:1      | Found Maoss's Weapon Shoppe.
   994 | D:1      | Reached XP level 3. HP: 17/27 MP: 3/3
  1772 | D:2      | Noticed Jessica
  2069 | D:2      | Killed from afar by Jessica

Illustrated notes

Levels and vault maps discovered:
D:1:      minmay_arrival_wavy_path, layout_rooms, serial_shops,
          nicolae_square_shop, hellmonk_ecumenical_altar_heavens_door,
          minmay_misc_feat_encased
D:2:      layout_basic, minmay_misc_feat_roman, uniq_jessica, uniq_robin

Skill      XL: |  1  2  3 |
---------------+----------+-----
Shields        | 1 2 |  2.2
Fighting       | 2 |  2.1
Staves         | |  1.0
Bows           | |  1.5
Armour         | |  1.0
Dodging        | |  2.4
Evocations     | |  1.5

Action                   || total
-------------------------++-------
Melee: Club              ||   151
       Whip              ||    61
Armor: Leather armour    ||     8
       Chain mail        ||   114
Dodge: Dodged            ||    68
Block: Buckler           ||    38

Table legend: (Time is in decaauts)
 A = Elapsed time spent in this place.
 B = Non-inter-level travel time spent in this place.
 C = Inter-level travel time spent in this place.
 D = Time resting spent in this place.
 E = Time spent auto-exploring this place.
 F = Levels seen in this place.
 G = Mean time per level.
                   A        B        C        D        E       F      G
               +--------+--------+--------+--------+--------+-----+--------+
         Total |   2131 |   2120 |     11 |    673 |    882 |   2 | 1065.5 |
       Dungeon |   2131 |   2120 |     11 |    673 |    882 |   2 | 1065.5 |
               +--------+--------+--------+--------+--------+-----+--------+

Top non-repeatable levels by time:
     D:1: 1395 daAuts
     D:2: 735 daAuts
